[Event "Croatian Team Cup Final 2022"]
[Site "Vodice"]
[Date "2022.05.22"]
[Round "6.10"]
[White "Bukal, Vladimir Jr."]
[Black "Markus, Robert"]
[Result "0-1"]
[ECO "A49"]
[WhiteElo "2371"]
[BlackElo "2613"]
[Annotator "TA"]
[PlyCount "36"]
[EventDate "2022.05.18"]
[EventType "team-tourn"]
[EventCountry "CRO"]
[SourceTitle "playchess.com"]
[Source "ChessBase"]
[SourceQuality "1"]
[TimeControl "40/5400+30:1800+30"]

1. d4 Nf6 2. Nf3 d6 3. g3 g6 4. Bg2 Bg7 5. O-O O-O 6. Nc3 d5 7. Re1 Bf5 {[%emt 0:01:11] A49: 1 d4 Nf6 2 Nf3 g6 3 g3: Anti-King's Indian systems.} 8. Nh4 Be6 9. e4 dxe4 {[%emt 0:00:29] The position is equal.} 10. Nxe4 Bd5 {[%emt 0:02:30] [#]} 11. Bg5 $146 {[%emt 0:07:07] [#]} (11. Nxf6+ $14 {keeps the upper hand.} Bxf6 12. Bh6) ({Predecessor:} 11. Nxf6+ Bxf6 12. Nf3 Nd7 13. Bh6 Re8 14. c3 c5 15. dxc5 {½-½ (15) Predke,A (2619)-Espinosa Aranda,A (2482) La Roda 2019}) 11... Nxe4 $1 $17 12. Bxe4 (12. Rxe4 $17 Bxe4 13. Bxe4) 12... Bxe4 $19 13. Rxe4 {[%emt 0:00:05] [#]} Qd5 $1 14. Rg4 h5 15. c4 Qxc4 16. Rf4 Nc6 17. Rc1 Qxa2 18. b3 Rfd8 {[%emt 0:04:20] Black took control after the opening.  Weighted Error Value: White=0.47/Black=0.02 (flawless)} 0-1

[Event "Croatian Team Cup Final 2022"]
[Site "Vodice"]
[Date "2022.05.22"]
[Round "6.11"]
[White "Jovanic, Ognjen"]
[Black "Blazeka, Matej"]
[Result "1-0"]
[ECO "D11"]
[WhiteElo "2509"]
[BlackElo "2333"]
[Annotator "TA"]
[PlyCount "57"]
[EventDate "2022.05.18"]
[EventType "team-tourn"]
[EventCountry "CRO"]
[SourceTitle "playchess.com"]
[Source "ChessBase"]
[SourceQuality "1"]
[TimeControl "40/5400+30:1800+30"]

1. d4 d5 2. c4 c6 3. Nf3 Nf6 4. e3 Bg4 5. Nc3 e6 6. Qb3 Qc7 7. Nh4 {[%emt 0:02:56] [#] D11: Slav Defence: 3 Nf3 sidelines and 3...Nf6 4 e3 Bg4.} dxc4 $146 ({Predecessor:} 7... Be7 8. h3 Bh5 9. g4 Bg6 10. Nxg6 hxg6 11. Bg2 Nbd7 12. cxd5 exd5 13. Qc2 Bd6 14. Bd2 O-O-O {0-1 (28) Dreev,A (2653)-Korobov,A (2652) Riadh 2017}) 8. Bxc4 b5 9. Bd3 {[%emt 0:04:01] White is slightly better.} Nbd7 10. h3 Bh5 11. Bd2 Be7 12. g4 Bg6 13. Nxg6 hxg6 14. g5 Nd5 15. Rc1 Qb7 16. Ne4 $36 {[%emt 0:06:20][%cal Bc3e4,Be4f2,Bf2g4][%mdl 2080] White is pushing.} e5 17. dxe5 Nxe5 18. Be2 Rh4 19. f4 Qb6 20. Nf2 Nd7 21. Ng4 Nc5 (21... Bd6 $14) 22. Qc2 $16 {[%emt 0:00:21] And now e4 would win.} a5 {[%emt 0:01:48] [#]} 23. a3 $1 b4 (23... Qc7 $16) 24. e4 $18 Nc7 25. Be3 N7e6 26. f5 gxf5 27. exf5 bxa3 $2 {[%emt 0:00:37] [#]} (27... Nxg5 28. Bxg5 Bxg5) 28. bxa3 Qb3 (28... Nxg5 29. Bxg5 Bxg5 30. Qxc5 Qxc5 31. Rxc5 Be7) 29. fxe6 {[%emt 0:01:04] Weighted Error Value: White=0.12 (very precise) /Black=0.37} 1-0

[Event "Croatian Team Cup Final 2022"]
[Site "Vodice"]
[Date "2022.05.22"]
[Round "6.12"]
[White "Brumen, Dinko"]
[Black "Srbis, Jurica"]
[Result "1/2-1/2"]
[ECO "E21"]
[WhiteElo "2313"]
[BlackElo "2451"]
[Annotator "TA"]
[PlyCount "174"]
[EventDate "2022.05.18"]
[EventType "team-tourn"]
[EventCountry "CRO"]
[SourceTitle "playchess.com"]
[Source "ChessBase"]
[SourceQuality "1"]
[TimeControl "40/5400+30:1800+30"]

1. Nf3 Nf6 2. c4 e6 3. Nc3 Bb4 4. g3 b6 5. Bg2 Bb7 6. O-O Bxc3 7. bxc3 O-O 8. d4 d6 9. a4 a5 10. Rb1 Be4 11. Rb2 Nc6 12. Be3 Qe7 13. Qc1 Nd7 14. Rb5 f5 15. Qa3 Na7 16. Rb2 Rae8 (16... e5 {keeps more tension.} 17. c5 dxc5 18. dxc5 Kh8) 17. Ne1 Bxg2 18. Nxg2 Nc6 19. Nf4 (19. Qb3 $15 {should be considered.}) 19... Nf6 20. c5 (20. Ng2 $15) 20... bxc5 $1 $17 21. dxc5 d5 $1 22. Rd1 (22. Qa2 $17 {keeps fighting.}) 22... Ne5 $1 $19 23. Rb7 Nc4 24. Qc1 Qd7 25. Rb5 $2 (25. Ng2 $17 {was worth a try.}) 25... c6 $1 $19 26. Rb3 Rb8 (26... e5 $142 27. Ng2 f4 28. gxf4 Qh3) 27. Rxb8 $19 Rxb8 28. Nd3 Rb3 (28... Qe8 $17 {Strongly threatening ...e5.} 29. Qc2 Ng4) 29. Bd4 $1 $11 Ne8 30. h4 Qc7 31. f4 Nf6 32. Ne5 Nxe5 33. Bxe5 Qe7 34. Bxf6 Qxf6 35. Rd3 e5 (35... Qe7 $17 36. Qe3 Ra3) 36. fxe5 Qxe5 37. Re3 Qf6 38. Qc2 Rb8 39. Rf3 g6 40. Qd2 (40. e4 $1 $11) 40... Qe7 $17 41. h5 Qxc5+ 42. Kg2 Rb1 (42... Re8 $17 {Threatens to win with ...Kg7.} 43. Kf1 Re4) 43. Rf2 (43. Rf1 $11 Rxf1 44. Kxf1) 43... Qe7 $17 44. Rf4 Rb8 (44... gxh5 45. Rxf5 Qe4+ 46. Rf3 $11) (44... Qe5 $19 {and Black stays clearly on top.} 45. h6 Kf7) 45. c4 $17 Rd8 (45... Qe5 $15 46. hxg6 hxg6) 46. hxg6 $11 hxg6 47. Rd4 (47. Kf1 $11 {remains equal.}) 47... Rd7 (47... Kf7 $1 $17 48. cxd5 Rxd5 49. Rxd5 Qe4+ 50. Kf2 Qxd5) 48. Kf1 Qe5 49. Kg2 Kf7 ({Reject} 49... Rh7 50. cxd5 c5 51. Rf4 $11 (51. Rh4 Rxh4 52. gxh4 Kf7 $17)) 50. Kf2 Ke6 (50... Rb7 $15 51. cxd5 Rb3) 51. cxd5+ (51. Rd3 $11 {keeps the balance.} Qh8 52. Qe3+ Kf7 53. cxd5 Rxd5 54. Rb3 (54. Qa7+ Kf6 $15)) 51... Rxd5 $17 52. Rxd5 Qxd5 53. Qc3 g5 54. Qg7 g4 55. Qg8+ $2 (55. Qc3 $17 {is a better defense.}) 55... Ke5 $19 56. Qb8+ $2 (56. Qg7+ {might work better.} Ke4 57. Qc7) 56... Kd4 $19 57. Ke1 Kc3 58. Qb6 Kc4 (58... Qd2+ $142 59. Kf1 Qd1+ 60. Kg2 Qxe2+ 61. Kg1 Qd1+ 62. Kg2 Qd2+ 63. Kf1 Qc1+ 64. Ke2 Qb2+ 65. Qxb2+ Kxb2 66. Ke3 c5 67. Ke2 Ka3 68. Ke3 Kxa4 69. Kf4 c4 70. Kg5 Kb4 71. Kh5 c3 72. Kh6 a4 73. Kg7 a3 74. Kg6 c2 75. Kxf5 c1=Q 76. Kxg4 a2 77. Kf5 a1=Q 78. g4 Qf1+ 79. Ke6 Qff6+ 80. Kd7 Qa7+ 81. Ke8 Qh8#) 59. Qb7 Qc5 60. Kf1 Kc3 61. Qb1 Qd5 62. Kf2 Qc5+ $2 (62... c5 63. Kg1 c4) 63. Kf1 $1 $19 Kd4 64. Qd3+ Ke5 65. Qd8 Qd5 $1 66. Qc7+ $2 (66. Qh8+ $17 {was necessary.} Ke4 67. Qa1) 66... Kf6 $2 (66... Kd4 $1 $19 {has better winning chances.} 67. Qg7+ Kc4) 67. Qf4 (67. Ke1 $142) 67... Kg6 (67... Ke6 $142 {aiming for ...Qh1+.} 68. Qh6+ Kd7) 68. Ke1 c5 (68... Kg7 $17) 69. Qc7 $11 c4 70. Qb6+ Kf7 71. Kf2 Ke7 72. Qc7+ Ke6 73. Qb6+ $2 (73. Ke1 $11 {and White has nothing to worry.}) 73... Kd7 (73... Ke5 $19 {...Qd4+ is the strong threat.} 74. Ke1 f4 75. Qb2+ Kf5) 74. Qa7+ $17 Ke6 (74... Kc8 $1 $17 {Hoping for ...c3.} 75. Qa6+ Kd7 76. Qa7+ Ke6) 75. Qb6+ $19 {[%emt 0:00:11] [#]} Ke5 $1 76. Qe3+ Kd6 77. Qb6+ {[%emt 0:00:28] [#]} Ke7 $2 (77... Qc6 $1 $19 78. Qd8+ Ke6 79. Qg8+ Ke5 80. Qh8+ Kd5 81. Qd8+ Qd6 82. Qa8+ Ke6 83. Qe8+ Kf6 84. Qh8+ Ke7 85. Qh7+ (85. Qg7+ Ke6 $17) 85... Ke6 86. Qh6+ Kd7 87. Qg7+ (87. Qh7+ $2 Kc6 $19) 87... Ke6 88. Qh6+ Ke7 89. Qh7+ Ke6 90. Qh6+) 78. Qc7+ $11 Kf6 79. Qb6+ Kg5 80. Qe3+ Kf6 81. Qb6+ Kg7 82. Qc7+ Kg6 83. Qb6+ Kh5 84. Qa7 Kh6 85. Qb6+ Kg7 86. Qc7+ Kf8 87. Qb8+ Ke7 1/2-1/2

[Event "Croatian Team Cup Final 2022"]
[Site "Vodice"]
[Date "2022.05.22"]
[Round "6.13"]
[White "Lalic, Bogdan"]
[Black "Jakic, Ivan"]
[Result "1/2-1/2"]
[ECO "E08"]
[WhiteElo "2411"]
[BlackElo "2350"]
[Annotator "TA"]
[PlyCount "40"]
[EventDate "2022.05.18"]
[EventType "team-tourn"]
[EventCountry "CRO"]
[SourceTitle "playchess.com"]
[Source "ChessBase"]
[SourceQuality "1"]
[TimeControl "40/5400+30:1800+30"]

1. d4 d5 2. c4 c6 3. Nf3 Nf6 4. Qc2 e6 5. g3 Nbd7 6. Bg2 Be7 7. O-O O-O 8. Rd1 b6 9. Bf4 Nh5 10. Bc1 Nhf6 11. Nc3 {[%emt 0:00:57] 11.e4 is setting a new trend.} Bb7 {[%emt 0:00:43] [#] A rather calm draw. E08: Closed Catalan: Main Line: 7 Qc2.} {Predecessor:} 12. b3 $146 Rc8 13. Bb2 Re8 14. e4 Nxe4 15. Nxe4 dxe4 16. Qxe4 Qc7 17. Qc2 Rcd8 18. Rac1 c5 19. d5 exd5 20. cxd5 Bf6 {½-½ (51) Ding,L (2791)-Dubov,D (2699) chess24.com INT 2020} 1/2-1/2

[Event "Croatian Team Cup Final 2022"]
[Site "Vodice"]
[Date "2022.05.22"]
[Round "6.14"]
[White "Ivic, Mateo"]
[Black "Zaja, Ivan"]
[Result "1/2-1/2"]
[ECO "B32"]
[WhiteElo "2187"]
[BlackElo "2449"]
[Annotator "TA"]
[PlyCount "82"]
[EventDate "2022.05.18"]
[EventType "team-tourn"]
[EventCountry "CRO"]
[SourceTitle "playchess.com"]
[Source "ChessBase"]
[SourceQuality "1"]
[TimeControl "40/5400+30:1800+30"]

1. e4 c5 2. Nf3 Nc6 3. d4 cxd4 4. Nxd4 e5 5. Nb5 d6 6. N1c3 a6 7. Na3 Be6 8. Nc4 Rb8 {[%emt 0:01:06] B32: Sicilian: Löwenthal and Kalashnikov Variations.} 9. a4 Nb4 {[%emt 0:14:32] 9...Nf6 is the fancy move.} 10. Nd5 Nxd5 (10... Bxd5 $5 11. exd5 Nf6 $14) 11. exd5 Bf5 {[%emt 0:02:53] [#]} 12. Be2 $146 ({Predecessor:} 12. Be3 Nf6 13. Be2 g6 14. O-O Bg7 15. Nb6 Nd7 16. a5 Nxb6 17. axb6 O-O 18. c4 {1-0 (42) Sohier,J (2253)-Arnold,K (1804) Paleochora 2020}) 12... Nf6 13. O-O Be4 14. Bf3 Bg6 15. Be3 Qc7 16. b3 b6 17. a5 b5 18. Bb6 Qc8 19. Ne3 {[%emt 0:01:27] White wants to play c4.} Nd7 20. Bg4 Qb7 21. Bxd7+ Qxd7 22. c4 Be7 23. Rc1 bxc4 (23... O-O $1 $11 {keeps the balance.}) 24. Rxc4 {[%emt 0:03:40] And now f4 would win.} Qb5 25. Rc7 {[%emt 0:11:47] Threatens to win with Nc4.} Bd8 26. Rc6 {[%emt 0:14:27] Nc4 is the strong threat.} O-O {[%emt 0:04:26][%cal Rd8b6] [#]} 27. Nc4 Be4 28. Rxd6 Be7 29. f3 (29. Re1 $16 Bc2 30. Qxc2 Bxd6 31. Nxd6) 29... Bf5 (29... Bd3 $1 $11 {remains equal.} 30. Qxd3 Bxd6) 30. Rc6 $16 Bd7 (30... Rfe8 $16) 31. Rc7 $18 ({Weaker is} 31. Nxe5 Bxc6 32. Nxc6 Bc5+ 33. Bxc5 Qxc5+ 34. Rf2 Rb7 $11) 31... Rfd8 32. Kh1 ({Not} 32. Nxe5 Rxb6 33. Rxd7 (33. Nxd7 $2 Rh6 $19) 33... Rxd7 34. Nxd7 (34. axb6 $2 Rxd5 35. Qa1 Rxe5 $19) 34... Rd6 $11) 32... Bb4 {[%emt 0:00:54] [#]} 33. Qd3 {[%emt 0:04:44] Prevents Bf5.} ({Much worse is} 33. Nxe5 $6 Be8 34. Nc4 Rxd5 $11) (33. Ra7 $1 $16) 33... Be6 34. Nxe5 {[%emt 0:02:10] Hoping for Qxb5.} Rxd5 35. Qxb5 {[%emt 0:00:32] 0x0.0008433aafc1dp-1022s more active pieces.} Rxb5 36. Nc6 Ra8 37. Nd4 Bxa5 38. Nxb5 Bxb6 39. Rb7 axb5 40. Rxb6 Bxb3 41. Rxb5 (41. Re1 $16) 41... Bc4 $1 {[%emt 0:00:12][%csl LRb5,LRf1] Weighted Error Value: White=0.20 (precise) /Black=0.17 (very precise)} 1/2-1/2

[Event "Croatian Team Cup Final 2022"]
[Site "Vodice"]
[Date "2022.05.22"]
[Round "6.15"]
[White "Kovacevic, Blazimir"]
[Black "Tomas, Ante"]
[Result "1-0"]
[ECO "A07"]
[WhiteElo "2401"]
[BlackElo "2117"]
[Annotator "TA"]
[PlyCount "141"]
[EventDate "2022.05.18"]
[EventType "team-tourn"]
[EventCountry "CRO"]
[SourceTitle "playchess.com"]
[Source "ChessBase"]
[SourceQuality "1"]
[TimeControl "40/5400+30:1800+30"]

1. Nf3 d5 2. g3 Nf6 3. Bg2 c6 4. O-O Bf5 5. d3 e6 6. Nh4 Bg6 {[%emt 0:03:46] A07: Réti Opening: New York and Capablanca Systems.} 7. Nxg6 $1 {[%emt 0:01:18] 7.Nxg6 is better than 7.Nd2.} hxg6 8. Nd2 Be7 {[%emt 0:01:37] White is slightly better.} 9. e4 dxe4 10. dxe4 Nbd7 11. Qe2 Qa5 {[%emt 0:05:48] [#]} 12. Rd1 $146 ({Predecessor:} 12. a4 Rd8 13. Nc4 Qh5 14. Qxh5 Rxh5 15. Bf3 Rc5 16. b3 Ne5 17. Nxe5 Rxe5 18. Bf4 {1-0 (60) Lomsadze,D (2348)-Abdullahoglu,D (1897) Konya 2018}) 12... O-O 13. Nb3 Qc7 14. Be3 Rfd8 15. a4 Nf8 16. Nd2 b6 17. c3 Rd7 18. Rdb1 Rad8 19. Nc4 Qc8 20. a5 (20. b4 $142) 20... b5 $16 21. Ne5 Rc7 22. c4 b4 23. Nd3 (23. c5 $16) 23... Ng4 $1 $14 24. Bf4 Rcd7 25. Rd1 f6 26. Bh3 Nh6 27. Be3 $36 {[%emt 0:00:33][%mdl 2048] White fights for an advantage.} c5 28. b3 a6 29. f4 Nf7 30. Bf1 (30. f5 {is more complex.} Qc6 31. Bf2 Ng5 32. Bg2) 30... Qc7 31. h4 Nh6 (31... g5 {feels hotter.} 32. hxg5 fxg5 33. Bh3 gxf4 34. gxf4 g5) 32. Bh3 Nf7 33. Rd2 Nh6 34. Raa2 Qc6 35. Bf2 Qc7 36. Qf3 Qc6 37. Qe2 Qc7 $1 38. Kf1 Qc6 (38... g5 $11 {keeps the balance.}) 39. Ke1 Qc7 40. Qf3 ({White should play} 40. Kd1 $16) 40... Qc6 41. Ke2 ({White should try} 41. Bg2 $14) 41... Kf7 (41... Nf5 $11) 42. g4 {[%emt 0:05:40] Active counter play!} Kg8 43. Bg2 Nf7 (43... e5 $14) 44. e5 $16 {[%emt 0:03:48] The board is on fire.} Qc7 45. Qc6 Qxc6 46. Bxc6 {[%emt 0:00:04] A strong pair of Bishops.} Rc7 47. Bf3 g5 48. hxg5 fxe5 49. Nxe5 Nxe5 50. fxe5 {[%emt 0:00:31] Black must now prevent Rxd8.} Bxg5 (50... Rxd2+ $16 51. Rxd2 (51. Kxd2 Ng6 $11) 51... Ng6) 51. Rd6 Ng6 52. Bg3 ({Worse is} 52. Rxa6 Nf4+ 53. Ke1 (53. Kf1 Rd3 $15) 53... Nd3+ 54. Kf1 Nc1 $11) 52... Re8 $2 (52... Rxd6 53. exd6 Rf7) 53. Rxa6 $18 Nf4+ 54. Bxf4 Bxf4 55. Ra8 Rxa8 56. Bxa8 {[%emt 0:00:04][%mdl 4096] Endgame KRB-KRB} Ra7 57. Bc6 Bxe5 58. a6 Kf7 59. Bb7 Kf6 (59... Ke7 $142 60. Ke3 Bc3) 60. Ra5 Bd4 {[%emt 0:00:05] Black cannot hold the game after this.} (60... Bd6 $16 61. Kd2 Ke7) 61. Rb5 Ke5 62. Kf3 Bg1 {[%emt 0:00:32] [#]} 63. Rb6 $1 Kd4 64. Rxe6 Kc3 65. Re8 Bh2 (65... Kxb3 $142 66. Ra8 Rxa6 67. Bxa6 Kc3) 66. Re3+ Kd4 67. Ke2 Bg1 68. Rd3+ Ke5 69. Rd8 {[%emt 0:00:20] [#] And now Ra8 would win.} Bh2 70. Ra8 Rxa8 71. Bxa8 {[%emt 0:00:05] Weighted Error Value: White=0.15 (very precise) /Black=0.28 (precise)} 1-0

[Event "Croatian Team Cup Final 2022"]
[Site "Vodice"]
[Date "2022.05.22"]
[Round "6.16"]
[White "Sekelja, Marko"]
[Black "Sale, Srdjan"]
[Result "0-1"]
[ECO "B07"]
[WhiteElo "2102"]
[BlackElo "2356"]
[Annotator "TA"]
[PlyCount "116"]
[EventDate "2022.05.18"]
[EventType "team-tourn"]
[EventCountry "CRO"]
[SourceTitle "playchess.com"]
[Source "ChessBase"]
[SourceQuality "1"]
[TimeControl "40/5400+30:1800+30"]

1. e4 g6 2. Ne2 Bg7 3. d4 d6 4. Nbc3 Nf6 5. g3 O-O 6. Bg2 e5 7. dxe5 dxe5 8. Qxd8 Rxd8 9. Bg5 c6 10. O-O h6 11. Bxf6 Bxf6 12. Rad1 {[%emt 0:00:20] B07: Pirc Defence: Miscellaneous Systems.} Re8 13. f4 {[%emt 0:07:35] [#]} Na6 $146 ({Predecessor:} 13... Nd7 14. Bh3 Nc5 15. Bxc8 Raxc8 16. f5 Kg7 17. g4 Rcd8 18. Kg2 Rxd1 19. Rxd1 Rd8 20. Kf3 Rxd1 21. Nxd1 Bd8 {½-½ (21) Suder,R-Tarnowski,M Poland 1992}) 14. f5 {[%emt 0:01:43] Black is slightly better.} Be7 15. a3 {[%emt 0:00:37] Inhibits Nb4.} h5 (15... Nc5 $5 ) 16. Nc1 Nc5 17. b4 Nd7 18. Bh3 (18. Nb3 $11) 18... g5 $17 19. Nd3 ({White should play} 19. Nb3) 19... g4 20. Bg2 Bg5 ({Better is} 20... Nb6 $17 21. f6 (21. Nxe5 $2 Bf6 $19) 21... Bf8) 21. h3 $1 $15 gxh3 22. Bf3 Nf6 (22... h4 23. gxh4 Bxh4 24. Kh2 $11) 23. Kh2 Bxf5 24. exf5 {[%emt 0:15:02] Strongly threatening Nc5.} e4 25. Be2 (25. Nxe4 $11 Nxe4 26. Bxh5) 25... exd3 26. Rxd3 Re5 27. Kxh3 Rae8 28. Bxh5 Nxh5 29. Kg4 {[%emt 0:00:59][%csl LRg5,LRh5] [#]} Nxg3 $1 30. Rxg3 Bf6 (30... Bh6 $15) 31. Rd1 Kf8 32. Rd7 (32. Kf4 {with more complications.} Bg7 33. Rh1 R5e7 34. Rd3) 32... Re3 (32... Re1 $15) 33. Rd3 (33. Rxe3 $11 {remains equal.} Rxe3 34. Na4) 33... Re1 $1 $17 34. Rd7 {[%emt 0:03:17] [#]} (34. Nd1 $17) 34... Be5 (34... Rf1 $1 $19 35. Rxb7 Ree1) 35. Rgd3 Re7 $36 {[%emt 0:01:13][%mdl 2048] Black is in control.} 36. Na4 b6 {[%emt 0:03:25] Inhibits Nc5.} 37. Rd8+ Kg7 38. Rc8 (38. Nc3 $17) 38... Re4+ $19 39. Kh3 Rc4 40. c3 c5 41. Rc6 (41. Nb2 $17 Rxc3 42. bxc5) 41... Rf4 42. Rg3+ {[%emt 0:06:39] [#]} Kh7 $1 {[%emt 0:00:10] And now ...cxb4 would win.} 43. Rg5 $2 {[%emt 0:01:02] This move loses the game for White.} (43. Rg4 $17) 43... Rc7 (43... Rd7 $19 {is more deadly. White must now prevent ...Rd3+.} 44. Rh5+ Kg8) 44. Rxc7 $17 Bxc7 {[%emt 0:00:03][%mdl 4096] Endgame KRB-KRN} 45. f6 Rxf6 46. bxc5 (46. Kg2 $142) 46... b5 $19 47. Nb2 Rf3+ 48. Kg4 Rxc3 49. Rd5 Kg6 {[%emt 0:03:08] ( -> ...f5+)} ({Wrong is} 49... Rxa3 $2 50. Kf5 $19) 50. Nd3 f5+ ({Don't go for} 50... Rxa3 $2 51. Nf4+ Kf6 52. Rf5+ Ke7 53. Nd5+ Kd7 54. c6+ Kxc6 55. Nxc7 Kxc7 56. Rxb5 $19) 51. Kf3 Rxa3 52. Rd7 {[%emt 0:01:14] [#]} a5 $1 53. Ke2 Bg3 54. Kd2 b4 55. Ra7 Ra2+ 56. Kc1 $2 (56. Ke3 Bh2 57. Kf3) 56... b3 57. Kb1 Rd2 58. Nb2 Be5 {[%emt 0:00:24] Weighted Error Value: White=0.57/Black=0.16 (very precise)} 0-1

[Event "Croatian Team Cup Final 2022"]
[Site "Vodice"]
[Date "2022.05.22"]
[Round "6.18"]
[White "Plenca, Julijan"]
[Black "Anic, Darko"]
[Result "1-0"]
[ECO "C56"]
[WhiteElo "2443"]
[BlackElo "2390"]
[Annotator "TA"]
[PlyCount "83"]
[EventDate "2022.05.18"]
[EventType "team-tourn"]
[EventCountry "CRO"]
[SourceTitle "playchess.com"]
[Source "ChessBase"]
[SourceQuality "1"]
[TimeControl "40/5400+30:1800+30"]

1. e4 e5 2. Nf3 Nc6 3. Bc4 Nf6 4. d4 exd4 5. e5 d5 6. Bb5 Ne4 7. Nxd4 Bc5 8. Be3 Bxd4 9. Qxd4 O-O 10. Bxc6 bxc6 11. O-O c5 12. Qd1 (12. Qd3 $5 ) 12... d4 {[%emt 0:04:09] C56: Two Knights: 4 d4 exd4 5 0-0 Nxe4.} 13. Bf4 Bb7 14. f3 Ng5 {[%emt 0:00:17] The position is equal.} 15. Nd2 {[%emt 0:00:41] [#]} Ne6 $146 ({Predecessor:} 15... Rb8 16. Qe2 Re8 17. Rfe1 Bd5 18. b3 Ne6 19. Bg3 Qg5 20. Ne4 Qf5 21. Rad1 Bxe4 22. Qxe4 Qxe4 23. Rxe4 {1-0 (79) Von Hoesslin,H-Fels,K (1835) Ellwangen 1999}) 16. Bg3 Qd5 17. b3 Ba6 18. Rf2 Rab8 19. f4 f5 20. exf6 $1 Rxf6 21. Qg4 {[%emt 0:00:33] And now f5 would win.} Rbf8 22. Re1 Rf5 23. Qf3 Qd7 24. Qe4 Bc8 25. Nc4 Qf7 (25... Nd8 $14) 26. Ne5 $16 Qf6 27. Nd3 (27. Qd5 $6 h5 $16) (27. Nc6 $1 $16 g6 28. Nxa7) 27... h5 $14 {[%emt 0:00:29] aiming for ...h4.} 28. h3 h4 29. Bh2 Qd8 (29... Nd8 $14) 30. Ne5 Qe8 {[%emt 0:01:43] Prevents Ng6.} 31. Qf3 R8f6 (31... Nd8 $142) 32. Qa8 $1 $16 Rf8 (32... Nxf4 $2 33. Rxf4 Bd7 34. Qxe8+ Bxe8 35. Rxf5 Rxf5 36. Nf3 $18) 33. Qxa7 g5 34. Qa8 ({Better is} 34. Ng4 {Strongly threatening Nh6+.} Qg6 35. Qa8) 34... gxf4 35. Ng4 {[%emt 0:00:26] Nh6+ is the strong threat. White is much more active.} Qg6 {[%emt 0:00:17] Inhibits Nh6+.} 36. Qc6 {[%emt 0:02:22] Black must now prevent Rfe2.} Rg5 37. Ne5 (37. a4 $18) 37... Qf5 (37... Qf6 $16 38. Ng4 Qg6) 38. Nf3 (38. Kh1 $18) 38... Rg7 (38... Qd5 $16 39. Qxd5 Rxd5) 39. Re5 ({White should play} 39. Kh1 $18) 39... Qxh3 $1 $14 {[%emt 0:00:18] [#] White is slightly better.} 40. Ng5 $1 Qg4 41. Nxe6 {[%emt 0:00:01] Really sharp!} Rg6 $1 {[%cal Rc8e6] [#]} 42. Ng5 $2 {[%emt 0:00:16][%mdl 40960] Weighted Error Value: White=0.22 (precise) /Black=0.18 (very precise) . Loss on time!?} 1-0

[Event "Croatian Team Cup Final 2022"]
[Site "Vodice"]
[Date "2022.05.22"]
[Round "6.20"]
[White "Saric, Luka"]
[Black "Jusic, Zdenko"]
[Result "0-1"]
[ECO "A21"]
[WhiteElo "2169"]
[BlackElo "2236"]
[Annotator "TA"]
[PlyCount "48"]
[EventDate "2022.05.18"]
[EventType "team-tourn"]
[EventCountry "CRO"]
[SourceTitle "playchess.com"]
[Source "ChessBase"]
[SourceQuality "1"]
[TimeControl "40/5400+30:1800+30"]

1. c4 e5 2. Nc3 Bb4 3. d3 Bxc3+ 4. bxc3 f5 5. e4 d6 $1 {[%emt 0:01:56] [#]} 6. f4 $146 {[%emt 0:08:21] A21: English Opening: 1...e5 2 Nc3.} ({Predecessor:} 6. exf5 Bxf5 7. Qf3 Qc8 8. Rb1 Nc6 9. Qg3 Nge7 10. Qxg7 Rg8 11. Qh6 b6 12. Be2 {0-1 (89) Csom,I (2454)-Czebe,A (2481) Hungary 2004}) 6... exf4 7. exf5 (7. Qh5+ $11 g6 8. Qe2) 7... Qh4+ $17 8. Kd2 {[%emt 0:01:45] Black is better.} Bxf5 9. Qf3 Nc6 10. g3 (10. Kc2 $142) 10... Qe7 {[%emt 0:04:57] Black is more active.} 11. Qxf4 (11. gxf4 $17 {is a better defense.} Nf6 12. Qe2) 11... Qd7 {[%emt 0:03:30] Strongly threatening ...Nge7.} 12. Nf3 Nge7 {[%emt 0:02:36][%cal Bg8e7,Be7g6,Bg6e5,Be5c4][%mdl 32] Hoping for ...0-0.} 13. Bg2 $2 (13. Nh4 {was the crucial defense.}) 13... O-O $19 {[%emt 0:02:13] White must now prevent ...Bh3.} 14. Qe3 Ng6 15. Nd4 Rae8 16. Nxf5 {[%emt 0:06:37] Threatens to win with Be4.} Rxf5 (16... Rxe3 $142 17. Nxe3 Rf2+ 18. Ke1 Rxg2 $1 19. Nxg2 Nce5) 17. Be4 {[%emt 0:00:48] [#] Against Qxf5} Rfe5 18. Bb2 {[%emt 0:01:58] [#]} (18. Re1 $142) 18... Rxe4 $1 19. dxe4 Nge5 20. Qe2 Na5 21. a4 (21. Ke1 $142) 21... Qc6 22. Kc2 Nexc4 {[%emt 0:02:38] Pair of Knights!} 23. Rhe1 $2 (23. Bc1 d5 24. Ra2) 23... Qb6 24. Ra2 Rf8 {[%emt 0:00:20] White did not feel at home in the position after the opening.  Weighted Error Value: White=0.98/Black=0.30} 0-1

[Event "Croatian Team Cup Final 2022"]
[Site "Vodice"]
[Date "2022.05.22"]
[Round "6.21"]
[White "Fercec, Nenad"]
[Black "Tomulic, Teo"]
[Result "1/2-1/2"]
[ECO "C78"]
[WhiteElo "2415"]
[BlackElo "2347"]
[Annotator "TA"]
[PlyCount "60"]
[EventDate "2022.05.18"]
[EventType "team-tourn"]
[EventCountry "CRO"]
[SourceTitle "playchess.com"]
[Source "ChessBase"]
[SourceQuality "1"]
[TimeControl "40/5400+30:1800+30"]

1. e4 e5 2. Nf3 Nc6 3. Bb5 a6 4. Ba4 Nf6 5. d3 Bc5 6. O-O d6 7. c3 b5 {[%emt 0:06:16] C78: Ruy Lopez: Archangelsk and Möller Defences.} 8. Bb3 Bb6 {[%emt 0:06:25] 8...h6 is becoming the main line.} 9. h3 (9. a4 $5 ) 9... h6 {[%emt 0:00:46] The position is equal.} 10. Be3 Rb8 11. Bxb6 Rxb6 {[%emt 0:00:27] [#]} 12. Nbd2 $146 ({Predecessor:} 12. Re1 O-O 13. Nbd2 Ne7 14. d4 Ng6 15. Nf1 Qe7 16. Ng3 Nf4 17. Qd2 N6h5 18. Rad1 {1-0 (42) Dietz,F (2142)-Tham,N (1836) Germany 2019}) 12... O-O 13. d4 Re8 14. Re1 Bd7 15. Bc2 Rb8 16. Nf1 Nh7 17. dxe5 (17. Qd3 {looks sharper.} exd4 18. e5 Nf8 19. exd6 Rxe1 20. Rxe1 dxc3 21. dxc7 Qxc7 22. Qxc3 Rc8 23. Ne3) 17... Nxe5 18. Nxe5 dxe5 19. Ne3 Nf6 20. Qf3 Qe7 21. Bb3 Rbd8 22. Rad1 Bc8 23. Nd5 Nxd5 24. Bxd5 Rd6 25. Bb3 Red8 26. Rxd6 Rxd6 27. Rd1 Be6 28. Bxe6 Qxe6 29. Rxd6 Qxd6 30. Qe2 {[%emt 0:00:07] Inhibits Qd2.} Kf8 {[%emt 0:00:39] Not much happened in this game.  Weighted Error Value: White=0.04 (flawless) /Black=0.06 (flawless)} 1/2-1/2